 Dungeon Crawl Stone Soup version 0.30-a0-639-g3916f1956a (webtiles) character file.

Game seed: 2618104627545867679

5287 Newt the Fighter (level 10, 0/108 HPs)
             Began as a Demonspawn Gladiator on Jan 16, 2023.
             Was a Follower of Hepliaklqana.
             Succumbed to ryw's ghost's poison
             ... on level 9 of the Dungeon.
             The game lasted 00:17:23 (10990 turns).

Newt the Fighter (Demonspawn Gladiator)            Turns: 10990, Time: 00:17:24

Health: 0/108      AC:  9    Str: 25    XL:     10   Next: 37%
Magic:  16/16      EV: 13    Int:  7    God:    Hepliaklqana [*.....]
Gold:   173        SH:  0    Dex: 14    Spells: 15/17 levels left

rFire   + . .      SeeInvis .    J - +0 halberd (venom)
rCold   . . .      Faith    .    (shield currently unavailable)
rNeg    . . .      Spirit   .    b - +0 leather armour
rPois   .          Reflect  .    c - +1 helmet
rElec   .          Harm     .    m - scarf {repulsion}
rCorr   .          Rampage  .    (no gloves)
Will    +++..      Rage     50%  (no boots) Stlth
                                 I - necklace of Bloodlust {Fury *Rage Will++ Int-3 Slay+6}
HPRegen 0.38/turn                y - +6 ring of strength
MPRegen 0.15/turn                O - ring of willpower

@: mighty, berserking (expiring), lethally poisoned (0 -> -19), studying
Stealth, repel missiles, very quick
A: reduced essence, yellow scales 2, foul stench 1, powered by death 1, demonic
touch 1, fire resistance 1, mutation resistance 1
a: Renounce Religion, Recall Ancestor, Ancestor Identity


You were on level 9 of the Dungeon.
You worshipped Hepliaklqana.
Hepliaklqana was aware of your devotion.
You visited 2 branches of the dungeon, and saw 10 of its levels.
You also visited: Ossuary.

You collected 805 gold pieces.
You spent 632 gold pieces at shops.

Inventory:

Hand Weapons
 a - a +0 rapier
 i - a +2 dagger of venom
 J - a +0 halberd of venom (weapon)
 L - a +3 trident of chaos
Missiles
 e - a javelin
 j - 4 boomerangs
 r - 18 poisoned darts
 w - a curare-tipped dart
Armour
 b - a +0 leather armour (worn)
 c - a +1 helmet (worn)
 m - a scarf of repulsion (worn)
 F - an orb of mayhem
 M - the +0 buckler "Veumn" {-Tele Str+4 Dex+8}
   (You took it off a gnoll sergeant on level 5 of the Dungeon)

   Str:       It affects your strength (+4).
   Dex:       It affects your dexterity (+8).
   -Tele:     It prevents most forms of teleportation.
 N - a +1 ring mail
Jewellery
 v - an amulet of magic regeneration
 y - a +6 ring of strength (left hand)
 I - the necklace of Bloodlust (around neck) {Fury *Rage Will++ Int-3 Slay+6}
   (You bought it in a shop on level 1 of the Dungeon)

   [amulet of nothing]

   Fury:      It extends the wearer's berserk rage when killing foes.
   Int:       It affects your intelligence (-3).
   Slay:      It affects your accuracy & damage with ranged weapons and melee
   (+6).
   *Rage:     It berserks you when you make melee attacks (+50% chance).
   Will:      It greatly increases your willpower.
 O - a ring of willpower (right hand)
Wands
 u - a wand of charming (13)
 K - a wand of mindburst (23)
Scrolls
 d - a scroll of magic mapping
 k - 8 scrolls of teleportation
 s - 2 scrolls of enchant armour
 t - a scroll of silence
 x - a scroll of enchant weapon
 G - a scroll of summoning {unknown}
Potions
 f - 4 potions of cancellation
 g - 3 potions of flight
 h - a potion of resistance
 l - 3 potions of curing
 n - a potion of brilliance
 o - 2 potions of heal wounds
 p - 2 potions of magic
 q - 2 potions of mutation
 z - 2 potions of degeneration
 A - a potion of attraction
 B - a potion of berserk rage
 D - a potion of might
 E - a potion of haste {unknown}
 H - a potion of lignification {unknown}


   Skills:
 - Level 8.0 Fighting
 - Level 4.0 Short Blades
 + Level 4.6 Polearms
 - Level 4.0 Throwing
 - Level 6.0 Armour
 - Level 4.0 Dodging
 - Level 3.0 Stealth
 - Level 4.0 Spellcasting
 - Level 4.0 Transmutations
 - Level 4.0 Evocations


You had 15 spell levels left.
You knew the following spells:

 Your Spells              Type           Power      Damage    Failure   Level
a - Wereblood             Tmut           7%         N/A       10%         2

Your spell library contained the following spells:

 Spells                   Type           Power      Damage    Failure   Level
 Beastly Appendage        Tmut           14%        N/A       7%          1
 Apportation              Tloc           2%         N/A       34%         1
 Necrotise                Necr           4%         1d4       34%         1
 Summon Small Mammal      Summ           4%         N/A       34%         1
 Spider Form              Tmut/Pois      4%         N/A       41%         3
 Cigotuvi's Dreadful Rot  Necr/Pois/Air  2%         N/A       45%         2
 Portal Projectile        Hex/Tloc       2%         N/A       71%         3
 Tukima's Dance           Hex            1%         N/A       71%         3
 Blade Hands              Tmut           3%         N/A       88%         5
 Dispel Undead            Necr           1%         3d6       98%         4
 Death Channel            Necr           0%         N/A       100%        6


Dungeon Overview and Level Annotations

Branches:
Dungeon (9/15)             Temple (1/1) D:6         Ossuary (visited)
   Lair: D:8-11         Orc: D:9-12

Altars:
Cheibriados
Dithmenos
Fedhas
Gozag
Hepliaklqana
Makhleb
Okawaru
Qazlal
Ru
Sif Muna
Trog
Uskayaw
Wu Jian
Xom
Yredelemnul

Shops:
D:1 =   D:5 *((   D:8 *   D:9 [

Annotations:
D:9 ryw's ghost, novice DgSu


Innate Abilities, Weirdness & Mutations

Your life essence is reduced to manifest your ancestor. (-10% HP)
You are mostly covered in yellow scales. (AC +3)
You may rarely emit foul miasma when damaged in melee.
You regenerate a little health from kills.
Your touch may inflict minor irresistible damage on your foes.
Your flesh is heat resistant. (rF+)
You are somewhat resistant to further mutation.


Message History

You feel very sick. The iron imp barely misses you. Ryw's ghost hits you.
You are more poisoned.
You barely miss ryw's ghost.
Ryw's ghost is moderately damaged.
You feel very sick.
The lightning spire shoots out a bolt of lightning at you!
The bolt of electricity hits you!
The bolt of electricity hits the iron imp.
The iron imp resists.
The iron imp barely misses you.
You miss ryw's ghost.
Ryw's ghost is moderately damaged.
You feel very sick. Ryw's ghost hits you.
The iron imp hits you but does no damage.
You miss ryw's ghost.
Ryw's ghost is moderately damaged.
You feel sick. Ryw's ghost hits you.
* * * LOW HITPOINT WARNING * * *
You are more poisoned.
You miss ryw's ghost.
Ryw's ghost is moderately damaged.
You feel very sick. Ryw's ghost barely misses you.
The iron imp closely misses you.
You closely miss ryw's ghost.
Ryw's ghost is moderately damaged.
You feel very sick.
Ryw's ghost hits you but does no damage.
You are more poisoned.
The lightning spire shoots out a bolt of lightning at you!
The bolt of electricity hits you!
* * * LOW HITPOINT WARNING * * *
The bolt of electricity hits the iron imp.
The iron imp resists.
The iron imp hits you.
* * * LOW HITPOINT WARNING * * *
You are too berserk!
Unknown command.
You hit the iron imp.
The iron imp is severely wounded.
You die...

################################
...)...........................#
########..##################.###
#..# #####..# #.# ########..#
#..#..#.# #.#
..........######..#.⌠§.#####.###
..............)5@W'≈§.}.#......#
............###...'.#.~#########
##########..# ##..#8~.~.
#########..####..#~.~##
.................#$##.#
.......))....<..### #
###....))....... #...##########.
#...#


You could see a lightning spire (summoned), an iron imp (summoned) and ryw's
ghost.

Vanquished Creatures
  The ghost of SkeletonJelly the Poker, a novice MeWn of Makhleb (D:5)
  Prince Ribbit (D:7)
  A hornet (D:8)
  Sigmund (D:3)
  6 yaks
  A steam dragon (D:6)
  7 water moccasins
  4 black bears
  An ice beast (D:7)
  A sky beast (D:7)
  A centaur (D:9)
  A phantom (D:4)
  2 kobold brigands
  2 necrophages (D:8)
  3 gnoll sergeants
  2 scorpions (D:7)
  2 howler monkeys
  2 gnoll boudas
  3 orc priests
  A hound (D:5)
  7 jellies
  2 iguanas
  9 orc wizards
  3 mummies (Ossuary)
  17 gnolls
  8 adders
  2 shadow imps
  3 white imps
  2 ufetubi (D:6)
  2 worms
  3 dart slugs
  19 orcs
  5 ball pythons
  7 bats
  6 endoplasms
  5 giant cockroaches
  6 goblins
  6 hobgoblins
  10 jackals
  3 quokkas
  5 frilled lizards
  15 kobolds
  A kobold zombie (Ossuary)
  3 orc zombies (Ossuary)
  2 rats (D:1)
194 creatures vanquished.

Vanquished Creatures (collateral kills)
  An orc warrior (D:8)
  A bullfrog (D:8)
  An orc priest (D:9)
  An orc wizard (D:8)
  5 mummies (Ossuary)
  2 gnolls
  2 orcs (D:8)
  2 gnoll zombies (Ossuary)
  A kobold zombie (Ossuary)
  An orc zombie (Ossuary)
17 creatures vanquished.

Vanquished Creatures (others)
  2 ancestors (D:9)
  13 fungi (D:9)
  14 plants
29 creatures vanquished.

Grand Total: 240 creatures vanquished

Notes
Turn   | Place    | Note
-------+----------+-------------------------------------------
     0 | D:1      | Newt the Demonspawn Gladiator began the quest for the Orb.
     0 | D:1      | Reached XP level 1. HP: 16/16 MP: 1/1
    41 | D:1      | Reached skill level 1 in Stealth
   384 | D:1      | Gained mutation: You regenerate a little health from kills.
                  | [demonic ancestry]
   384 | D:1      | Reached XP level 2. HP: 19/22 MP: 2/2
   860 | D:1      | Found Ankell's Jewellery Boutique.
   951 | D:1      | Gained mutation: You are partially covered in yellow
                  | scales. (AC +2) [demonic ancestry]
   951 | D:1      | Reached XP level 3. HP: 27/27 MP: 3/3
  1042 | D:2      | Found a shimmering altar of Xom.
  1292 | D:2      | Reached XP level 4. HP: 29/34 MP: 4/4
  1308 | D:2      | Reached skill level 3 in Fighting
  2499 | D:3      | Noticed Sigmund
  2505 | D:3      | Killed Sigmund
  2506 | D:3      | Reached skill level 4 in Fighting
  2506 | D:3      | Gained mutation: You are mostly covered in yellow scales.
                  | (AC +3) [demonic ancestry]
  2506 | D:3      | Reached XP level 5. HP: 42/42 MP: 5/5
  2526 | D:3      | Reached XP level 6. HP: 48/48 MP: 6/6
  2564 | D:3      | Found a basalt altar of Yredelemnul.
  3128 | D:4      | Noticed a water moccasin
  3147 | D:4      | Killed a water moccasin
  3655 | D:4      | Gained mutation: You may rarely emit foul miasma when
                  | damaged in melee. [demonic ancestry]
  3655 | D:4      | Reached XP level 7. HP: 54/54 MP: 7/7
  4241 | D:4      | You fall into a shaft and drop 2 floors!
  4252 | D:5      | Entered Level 5 of the Dungeon
  4271 | D:5      | Found Umuqeim's Antique Weapon Shoppe.
  4723 | D:4      | Reached skill level 5 in Fighting
  5151 | D:5      | Found Sayvvy Foaj's Assorted Antiques.
  5159 | D:5      | Bought a scroll of identify for 44 gold pieces
  5214 | D:5      | Found Fatser's Antique Weapon Emporium.
  5569 | D:5      | Reached skill level 6 in Fighting
  5744 | D:5      | Found a transporter.
  5752 | D:5      | Found a transporter.
  5755 | D:5      | Noticed SkeletonJelly's ghost (novice MeWn)
  5755 | D:5      | Identified the +0 buckler "Veumn" {-Tele Str+4 Dex+8}
  5970 | D:5      | Gained mutation: Your touch may inflict minor irresistible
                  | damage on your foes. [demonic ancestry]
  5970 | D:5      | Reached XP level 8. HP: 41/64 MP: 8/8
  6592 | D:6      | Reached skill level 1 in Evocations
  6617 | D:6      | Found a staircase to the Ecumenical Temple.
  6637 | Temple   | Entered the Ecumenical Temple
  6786 | Temple   | Became a worshipper of Hepliaklqana the Forgotten
  7730 | D:7      | Reached skill level 7 in Fighting
  7743 | D:7      | Gained mutation: Your flesh is heat resistant. (rF+)
                  | [potion of mutation]
  7743 | D:7      | Gained mutation: You are somewhat resistant to further
                  | mutation. [potion of mutation]
  7972 | D:7      | Reached XP level 9. HP: 63/74 MP: 9/9
  8003 | D:7      | Found a burning altar of Makhleb.
  8003 | D:7      | Noticed a blizzard demon
  8006 | D:7      | Noticed a smoke demon
  8053 | D:7      | Reached skill level 8 in Fighting
  8125 | D:7      | Reached * piety under Hepliaklqana
  8401 | D:7      | Noticed Prince Ribbit
  8417 | D:7      | Killed Prince Ribbit
  8418 | D:7      | Reached skill level 1 in Spellcasting
  8418 | D:7      | Reached skill level 1 in Transmutations
  8747 | D:7      | Learned a level 2 spell: Wereblood
  8803 | D:8      | Found Taegucsa's Overcharged Wands.
  8808 | D:8      | Found a sand-covered staircase.
  8814 | Ossuary  | Entered an ossuary
  9632 | D:8      | Found a hide-covered altar of Uskayaw.
  9724 | D:9      | Found Ethudato's Antique Armour Shop.
  9973 | D:1      | Bought the necklace of Bloodlust {Fury *Rage Will++ Int-3
                  | Slay+6} for 588 gold pieces
  9973 | D:1      | Found the necklace of Bloodlust {Fury *Rage Will++ Int-3
                  | Slay+6}
 10119 | D:5      | Reached skill level 5 in Armour
 10128 | D:5      | Killed SkeletonJelly's ghost
 10129 | D:5      | Reached XP level 10. HP: 41/72 MP: 16/16
 10307 | D:8      | Reached skill level 1 in Polearms
 10424 | D:9      | HP: 1/72 [yak (9)]
 10427 | D:9      | Noticed a deep elf pyromancer
 10965 | D:9      | Found a large runed translucent door.
 10965 | D:9      | Found a large runed translucent door.
 10969 | D:9      | Noticed ryw's ghost (novice DgSu)
 10989 | D:9      | HP: 5/108 [iron imp[ryw's ghost] (3)]
 10990 | D:9      | Succumbed to ryw's ghost's poison

Illustrated notes

Levels and vault maps discovered:
D:1:      reono_arrival_mine, layout_loops_ring, serial_shops,
          nicolae_square_shop, corexii_hall_statues_x
D:2:      layout_loops_corners, basic_altar, serial_forest,
          infiniplex_forest_lined_2, infiniplex_forest_end_3,
          infiniplex_forest_end_1, infiniplex_forest_lined_corner,
          infiniplex_forest_pool, infiniplex_forest_clump_cross,
          infiniplex_forest_corner_2, infiniplex_forest_clump_double,
          infiniplex_forest_lined_1
D:3:      layout_basic, mainiacjoe_overflow_six_doors_small, zin_treasury,
          uniq_sigmund
D:4:      layout_layer_cave
D:5:      layout_basic, serial_shops, nicolae_shop_statue_plus, shop, shop,
          gammafunk_ghost_gnarly_gnolls, sigmund_army
D:6:      layout_rooms, minmay_temple_entry_stoned_glass, serial_rivers,
          chequers_serial_rivers_micro_e, chequers_serial_rivers_marsh,
          chequers_serial_rivers_micro_b, chequers_serial_rivers_micro_a,
          chequers_serial_rivers_small_b, chequers_serial_rivers_small_b,
          minmay_misc_feat_doors, minmay_misc_feat_more_columns
D:7:      layout_loops_cross, makhleb_altar_promises_db, uniq_prince_ribbit1
D:8:      layout_rooms, nicolae_uskayaw_dance_studio,
          nicolae_ossuary_entry_plus, dreamdust_wishing_well, st_stairs_3,
          nicolae_shop_overcharged_wands
D:9:      layout_long_grid, mainiacjoe_overflow_alcove_3, doesnt_xom_only_xom,
          grunt_lair_entry_orc_guard_hut, serial_shops, shop_coins,
          ebering_ghost_disaster_area
Temple:   nicolae_temple_god_jail

Skill      XL: |  1  2  3  4  5  6  7  8  9 10 |
---------------+-------------------------------+-----
Stealth        | 1 2 3 |  3.0
Fighting       | 4 6 7 8 |  8.0
Armour         | 3 5 6 |  6.0
Dodging        | 4 |  4.0
Throwing       | 3 4 |  4.0
Short Blades   | 3 4 |  4.0
Evocations     | 4 |  4.0
Spellcasting   | 4 |  4.0
Transmutations | 4 |  4.0
Polearms       | 4 |  4.6

Action                   |  1- 3 |  4- 6 |  7- 9 | 10-12 || total
-------------------------+-------+-------+-------+-------++-------
Melee: Dagger            |    64 |   124 |   480 |       ||   668
       Rapier            |     6 |       |       |       ||     6
       Punch             |     3 |       |     8 |       ||    11
       Touch             |       |       |    68 |       ||    68
       Halberd           |       |       |       |    57 ||    57
Throw: Throwing net      |       |     3 |       |       ||     3
       Javelin           |       |     1 |     1 |       ||     2
 Cast: Wereblood         |       |       |     6 |     1 ||     7
Invok: Recall Ancestor   |       |       |       |     1 ||     1
  Use: Scroll            |     4 |     5 |    12 |     2 ||    23
       Potion            |       |     1 |     1 |     2 ||     4
 Stab: Sleeping          |     3 |     5 |     6 |     1 ||    15
       Distracted        |       |       |     1 |       ||     1
Armor: Leather armour    |    28 |    41 |   134 |    18 ||   221
Dodge: Dodged            |    38 |    65 |   274 |    40 ||   417
       Repelled          |       |       |     4 |       ||     4

Table legend: (Time is in decaauts)
 A = Elapsed time spent in this place.
 B = Non-inter-level travel time spent in this place.
 C = Inter-level travel time spent in this place.
 D = Time resting spent in this place.
 E = Time spent auto-exploring this place.
 F = Levels seen in this place.
 G = Mean time per level.
                   A        B        C        D        E       F      G
               +--------+--------+--------+--------+--------+-----+--------+
         Total |  10987 |  10373 |    614 |   2744 |   5961 |  11 |  998.8 |
       Dungeon |  10634 |  10040 |    594 |   2744 |   5710 |   9 | 1181.6 |
        Temple |    158 |    138 |     20 |      0 |    128 |   1 |  158.0 |
       Ossuary |    194 |    194 |      0 |      0 |    123 |   1 |  194.0 |
               +--------+--------+--------+--------+--------+-----+--------+

Top non-repeatable levels by time:
     D:4: 2117 daAuts
     D:5: 1588 daAuts
     D:1: 1264 daAuts
     D:2: 1236 daAuts
     D:6: 1115 daAuts
     D:8: 1110 daAuts
     D:7: 1110 daAuts
     D:3: 588 daAuts
     D:9: 502 daAuts
 Ossuary: 194 daAuts
  Temple: 158 daAuts
